 Dungeon Crawl Stone Soup version 0.30.1-11-g7821555f0a (webtiles) character file.

Game seed: 15471221720114687507

34 Zeor the Sneak (level 3, -1/20 HPs)
             Began as a Vampire Enchanter on Nov 3, 2023.
             Slain by a gnoll
             ... wielding a +0 flail
              (8 damage)
             ... on level 1 of the Dungeon.
             The game lasted 00:04:28 (520 turns).

Zeor the Sneak (Vampire Enchanter)                   Turns: 520, Time: 00:04:29

Health: -1/20      AC:  3    Str:  7    XL:     3   Next: 14%
Magic:  2/6        EV: 11    Int: 19    God:
Gold:   30         SH:  0    Dex: 14    Spells: 2/6 levels left

rFire   . . .        a - +1 dagger
rCold   + + .        (no shield)
rNeg    + + +        e - +0 leather armour
rPois   ∞            (no helmet)
rElec   .            (no cloak)
rCorr   .            (no gloves)
SInv    +            (no boots)
Will    .....        (no amulet)
Stlth   +++++        (no ring)
HPRegen 0.00/turn    (no ring)
MPRegen 0.10/turn

%: no passive effects
@: very slightly contaminated, bloodless, inhibited regen
A: bloodless, fangs 3, see invisible, vampiric 2
a: Bat Form, Revivify


You were on level 1 of the Dungeon.
You visited 1 branch of the dungeon, and saw 1 of its levels.

You collected 30 gold pieces.

Inventory:

Hand Weapons
 a - a +1 dagger (weapon)
Armour
 b - a +0 robe
 e - a +0 leather armour (worn)
Magical Staves
 f - a staff of death
Scrolls
 d - a scroll of identify {unknown}
 g - a scroll of teleportation {unknown}
Potions
 c - 2 potions of invisibility


   Skills:
 * Level 0.8 Fighting
 + Level 1.4 Short Blades
 + Level 2.3 Dodging
 + Level 5.4 Stealth
 + Level 2.0 Spellcasting
 + Level 4.8 Hexes
 + Level 0.1 Ice Magic


You had 2 spell levels left.
You knew the following spells:

 Your Spells              Type           Power      Damage    Failure   Level
d - Static Discharge      Conj/Air       2%         2-3/arc   36%         2
h - Ensorcelled Hibernat  Hex/Ice        22%        N/A       14%         2

Your spell library contained the following spells:

 Spells                   Type           Power      Damage    Failure   Level
 Confusing Touch          Hex            20%        N/A       11%         3
 Tukima's Dance           Hex            20%        N/A       11%         3
 Dazzling Flash           Conj/Hex       22%        N/A       28%         3
 Airstrike                Air            0%         2d(1-17)  94%         4
 Summon Lightning Spire   Summ/Air       1%         N/A       94%         4


Dungeon Overview and Level Annotations

Branches:
Dungeon (1/15)

Altars:


Innate Abilities, Weirdness & Mutations

You do not regenerate when monsters are visible.
You are frail without blood (-20% HP).
You can heal yourself when you bite living creatures.
You are immune to poison.
You have razor-sharp teeth.
You have supernaturally acute eyesight. (SInv)
You are afflicted with vampirism and can become a bat while bloodless.


Message History

You bite the goblin, and draw its blood!
You impale the goblin!!
You kill the goblin!
You see here a +0 dagger.
A goblin comes into view. It is wielding a +0 club.
The helpless goblin fails to defend itself.
You bite the goblin, and draw its blood!
You impale the goblin!!
You kill the goblin!
You see here a +0 club.
A hobgoblin comes into view.
The helpless hobgoblin fails to defend itself.
You bite the hobgoblin, and draw its blood!
You impale the hobgoblin!!
You kill the hobgoblin!
You open the door.
Found a faded altar of an unknown god.
A gnoll comes into view. It is wielding a +0 flail.
There is an open door here.
The gnoll shouts!
The gnoll hits you with a +0 flail!
You hit the gnoll.
The gnoll is moderately wounded.
The gnoll hits you with a +0 flail.
Casting: Ensorcelled Hibernation (safe; 14% risk of failure)
Confirm with . or Enter, or press ? or * to list all spells.
Aiming: Ensorcelled Hibernation (safe; 14% risk of failure)
Press: ? - help, Shift-Dir - straight line, f - gnoll
Aim: a gnoll, wielding a +0 flail (moderately wounded, chance to affect: 53%)
You miscast Ensorcelled Hibernation.
You are very lightly contaminated with residual magic.
Nothing appears to happen.
The gnoll barely misses you.
Casting: Ensorcelled Hibernation (safe; 14% risk of failure)
Confirm with . or Enter, or press ? or * to list all spells.
Aiming: Ensorcelled Hibernation (safe; 14% risk of failure)
Press: ? - help, Shift-Dir - straight line, f/p - gnoll
Aim: a gnoll, wielding a +0 flail (moderately wounded, chance to affect: 53%)
The gnoll resists with significant effort.
The gnoll hits you with a +0 flail!
You die...

▒▒▒▒▒▒▒▒▒∙▒▒▒∙∙∙†∙)▒
▒▒∙▒▒∙∙ ▒∙▒
▒∙▒▒▒▒▒▒▒▒∙∙∙▒∙∙ ▒∙▒
▒∙▒ ▒▒▒▒▒∙∙∙>∙∙∙ ▒∙▒
▒∙▒ ▒∙∙∙∙∙∙∙∙∙∙∙
▒∙▒▒▒∙▒ ▒∙▒
▒∙▒▒▒∙∙∙∙∙∙▒
▒∙∙∙∙∙▒▒▒▒▒
▒∙∙∙∙∙∙∙∙∙∙▒
▒▒▒▒▒∙▒∙∙
▒∙▒▒▒▒▒∙▒▒▒▒ ▒∙▒g▒
▒▒▒ ▒∙▒ ▒▒▒▒▒▒▒▒∙▒V▒
▒∙▒
∙∙∙∙∙∙∙∙∙▒∙▒∙▒▒▒▒
▒∙▒
▒▒▒▒▒▒▒∙∙'P8∙∙∙∙▒
▒∙∙▒▒▒▒▒∙▄∙▒ ▒∙∙∙ ∙∙
▒∙▒▒∙ ▒∙▒ ∙▒ ▒∙▒ ∙
▒∙▒ ▒▒


You could see a gnoll.

Vanquished Creatures
  2 dart slugs (D:1)
  2 bats (D:1)
  3 endoplasms (D:1)
  A giant cockroach (D:1)
  6 goblins (D:1)
  4 hobgoblins (D:1)
  2 quokkas (D:1)
  2 frilled lizards (D:1)
  A kobold (D:1)
  3 rats (D:1)
26 creatures vanquished.

Notes
Turn   | Place    | Note
-------+----------+-------------------------------------------
     0 | D:1      | Zeor the Vampire Enchanter began the quest for the Orb.
     0 | D:1      | Reached XP level 1. HP: 13/13 MP: 3/3
   138 | D:1      | Reached XP level 2. HP: 13/16 MP: 5/5
   194 | D:1      | Learned a level 2 spell: Ensorcelled Hibernation
   203 | D:1      | Reached skill level 5 in Stealth
   447 | D:1      | Learned a level 2 spell: Static Discharge
   456 | D:1      | Gained mutation: You are afflicted with vampirism and can
                  | become a bat while bloodless. [Vampire growth]
   456 | D:1      | Reached XP level 3. HP: 20/20 MP: 6/6
   514 | D:1      | Found a faded altar of an unknown god.
   520 | D:1      | Slain by a gnoll

Illustrated notes

Levels and vault maps discovered:
D:1:      kennysheep_arrival_forest, layout_loops_ring,
          shapermc_ecumenical_altar_ellora, chequers_serial_rivers_marsh

Skill      XL: |  1  2 |
---------------+-------+-----
Stealth        | 5 |  5.4
Fighting       | |  0.8
Short Blades   | |  1.4
Dodging        | |  2.3
Spellcasting   | |  2.0
Hexes          | |  4.8
Ice Magic      | |  0.1

Action                     || total
---------------------------++-------
  Melee: Dagger            ||    56
         Bite              ||     7
   Cast: Ensorcelled Hiber ||     3
Ability: Exsanguinate      ||     1
   Stab: Sleeping          ||    10
 Armour: Leather armour    ||     4
         Robe              ||     2
  Dodge: Dodged            ||    25
